 Dungeon Crawl Stone Soup version 0.25-a0-517-gf8b3a32422 (webtiles) character file.

Game seed: 14340355881041565483, levelgen mode: deterministic

19254 Flugslaktarn the Cleaver (level 12, -13/116 HPs)
             Began as a Deep Dwarf Fighter on Feb 17, 2020.
             Was an Elder of Makhleb.
             Mangled by a red devil
             ... wielding a +0 spear
              (14 damage)
             ... on level 14 of the Dungeon.
             The game lasted 00:07:22 (9612 turns).

Flugslaktarn the Cleaver (Deep Dwarf Fighter)       Turns: 9612, Time: 00:07:23

Health: -13/116    AC: 17    Str: 24    XL:     12   Next: 34%
Magic:  8/8        EV:  6    Int: 10    God:    Makhleb [****..]
Gold:   449        SH: 12    Dex: 12    Spells: 11/11 levels left

rFire    . . .     SeeInvis .   F - +2 war axe (elec)
rCold    . . .     Gourm    .   c - +0 kite shield
rNeg     . . .     Faith    .   y - +0 plate armour
rPois    .         Spirit   .   (no helmet)
rElec    .         Reflect  .   u - +1 cloak
rCorr    .         Harm     .   (no gloves)
MR       +....                  (no boots)
Stlth    ..........             (no amulet)
HPRegen  0.00/turn              (no ring)
MPRegen  0.11/turn              f - ring of attention (curse)

@: non-regenerating, studying Fighting
A: damage resistance, heal wounds, sense surroundings 2, no regeneration
a: Heal Wounds, Minor Destruction, Lesser Servant of Makhleb, Major Destruction,
Renounce Religion


You were on level 14 of the Dungeon.
You worshipped Makhleb.
Makhleb was greatly pleased with you.
You were near starving.

You visited 2 branches of the dungeon, and saw 15 of its levels.

You collected 717 gold pieces.
You spent 268 gold pieces at shops.

Inventory:

Hand Weapons
 a - a +1 war axe
 F - a +2 war axe of electrocution (weapon)
   (You found it on level 8 of the Dungeon)
Armour
 c - a +0 kite shield (worn)
 u - a +1 cloak (worn)
   (You took it off Crazy Yiuf on level 6 of the Dungeon)
 y - a +0 plate armour (worn)
   (You took it off an orc warrior on level 7 of the Dungeon)
Jewellery
 f - a cursed ring of attention (right hand)
   (You found it on level 6 of the Dungeon)
 i - an uncursed ring of see invisible
   (You found it on level 6 of the Dungeon)
Wands
 o - a wand of paralysis (8)
   (You found it on level 6 of the Dungeon)
Scrolls
 g - 5 scrolls of remove curse
 k - 2 scrolls of magic mapping
 l - a scroll of vulnerability
 m - 3 scrolls of acquirement
 r - 2 scrolls of identify
 t - 4 scrolls of teleportation
 z - 5 scrolls of blinking
 A - 2 scrolls of immolation
 E - a scroll of fear
Potions
 d - 3 potions of might
 h - 2 potions of haste
 j - a potion of flight
 n - a potion of agility {unknown}
 p - a potion of invisibility
 q - 3 potions of curing
 v - a potion of berserk rage
 w - 3 potions of heal wounds
 C - 3 potions of ambrosia
 D - a potion of brilliance
 H - 4 potions of lignification
 I - 2 potions of magic {unknown}
Books
 b - a manual of Fighting
   (You acquired it on level 10 of the Dungeon)
Miscellaneous
 x - a phial of floods
   (You found it on level 12 of the Dungeon)
Comestibles
 e - 20 rations


   Skills:
 + Level 9.9 Fighting
 * Level 13.2 Axes
 + Level 10.1 Armour
 + Level 10.1 Shields
 + Level 9.3 Invocations


You had 11 spell levels left.
You didn't know any spells.
Your spell library was empty.

Dungeon Overview and Level Annotations

Branches:
Dungeon (14/15)            Temple (1/1) D:6            Lair (0/6) D:10
    Orc (0/2) D:10
 Vaults: D:13-14

Altars:
Ashenzari
Cheibriados
Dithmenos
Elyvilon
Fedhas
Gozag
Hepliaklqana
Kikubaaqudgha
Makhleb
Nemelex Xobeh
Okawaru
Qazlal
Ru
Sif Muna
Trog
Uskayaw
Vehumet
Wu Jian
Xom
Yredelemnul
Zin
The Shining One

Shops:
D:9 :   D:10 [   D:12 *   D:13 (

Annotations:
D:3 3 runed translucent doors, Fimbulvetr's ghost, amateur HOCK
D:6 exclusion: oklob plant


Innate Abilities, Weirdness & Mutations

You are resistant to damage.
You can heal yourself by infusing magical energy.
You passively map the area around you.
You do not regenerate.


Message History

* * * LOW HITPOINT WARNING * * *
You hit the acid dragon but do no damage.
The acid dragon is severely wounded.
The red devil hits you from afar with a +0 trident!
* * * LOW HITPOINT WARNING * * *
The red devil hits your orange demon but does no damage.
Your orange demon closely misses the red devil.
The red devil hits you from afar with a +3 spear.
* * * LOW HITPOINT WARNING * * *
You closely miss the acid dragon.
The acid dragon is severely wounded.
The acid dragon bites you but does no damage.
The acid dragon barely misses you.
The red devil hits your orange demon from afar with a +0 spear!
The red devil hits you from afar with a +0 trident!
* * * LOW HITPOINT WARNING * * *
Your orange demon stings the red devil from afar!
The red devil barely misses you.
The red devil hits you from afar with a +0 spear!
You die...

** * , , , **
###............#.*
, .......#.........
, , ,
.......#......... ,
, ,
#.≈≈..............
,^, ≈,
,#..≈.........4....
* #.....?...4.....<
,,
.###...4..D.......
,, , ,
.......4.@........
**
,.###..44..........
, ,
##....#4..........
,
#..≈...<#.....R...
* ≈ *
#§≈§.4#.#.#######.
*, , ......#.#.# ,
,, ,, , , ,
....#,#.#.# , , , *
####* #.#.# , , *
** * * #.#.# ,, , ,


You could see a rakshasa, 6 red devils, an acid dragon, a friendly orange demon
and a friendly hellwing.

Vanquished Creatures
  A hydra (D:13)
  A centaur warrior (D:13)
  Erica (D:8)
  A two-headed ogre (D:11)
  2 unseen horrors (D:13)
  3 cyclopes
  2 manticores
  3 ugly things
  A centaur zombie (D:13)
  Psyche (D:11)
  A centaur skeleton (D:11)
  A gargoyle (D:13)
  3 trolls
  7 slime creatures
  5 hippogriffs
  2 shadows
  8 yaks
  A wraith (D:11)
  Eustachio (D:4)
  2 basilisks
  A hog (shapeshifter) (D:13)
  2 hungry ghosts
  2 wargs (D:10)
  2 acid dragons
  Duvessa (D:7)
  5 orc warriors
  2 sky beasts
  3 ice beasts
  A black bear (D:11)
  An eye of draining (D:11)
  6 ogres
  A necrophage (D:10)
  8 centaurs
  3 big kobolds
  A crocodile (D:13)
  Blork the orc (D:5)
  6 bullfrogs
  2 gnoll sergeants
  2 wyvern zombies
  A wyvern skeleton (D:6)
  4 scorpions
  Dowan (D:7)
  3 killer bees (D:7)
  4 wights (D:13)
  2 howler monkeys (D:7)
  8 crimson imps
  2 bullfrog zombies
  4 hounds
  4 jellies
  10 orc wizards
  5 orc priests
  2 bullfrog skeletons
  Crazy Yiuf (D:6)
  4 worker ants
  3 iguanas
  A killer bee zombie (D:9)
  A hound zombie (D:9)
  3 worker ant zombies
  2 howler monkey skeletons
  A howler monkey zombie (D:9)
  10 gnolls
  12 adders
  An adder zombie (D:8)
  3 adder skeletons
  A dart slug (D:3)
  A worm (D:4)
  3 leopard geckos
  41 orcs
  6 bats
  3 giant cockroaches
  4 goblins
  A hobgoblin (D:2)
  25 jackals
  5 quokkas
  2 ball pythons
  A frilled lizard (D:2)
  16 kobolds
  A leopard gecko zombie (D:5)
  3 rats (D:3)
302 creatures vanquished.

Notes
Turn   | Place    | Note
-------+----------+-------------------------------------------
     0 | D:1      | Flugslaktarn the Deep Dwarf Fighter began the quest for the
                  | Orb.
     0 | D:1      | Reached XP level 1. HP: 20/20 MP: 1/1
   266 | D:2      | Reached XP level 2. HP: 27/27 MP: 2/2
   405 | D:3      | Found a hide-covered altar of Uskayaw.
   425 | D:3      | Reached skill level 3 in Axes
   425 | D:3      | Reached XP level 3. HP: 32/34 MP: 3/3
   439 | D:3      | Reached XP level 4. HP: 16/42 MP: 4/4
   569 | D:3      | Reached skill level 4 in Axes
   569 | D:3      | Reached XP level 5. HP: 37/49 MP: 5/5
   577 | D:3      | Found a glowing golden altar of the Shining One.
   579 | D:3      | Noticed an angel
   588 | D:3      | Found a basalt altar of Yredelemnul.
   706 | D:3      | Found a runed translucent gate.
   706 | D:3      | Found a runed translucent gate.
   710 | D:3      | Found a runed translucent gate.
   714 | D:3      | Noticed Fimbulvetr's ghost (amateur HOCK)
   909 | D:3      | Found a bloodstained altar of Trog.
  1135 | D:4      | Noticed an ogre
  1152 | D:4      | Killed an ogre
  1152 | D:4      | Reached XP level 6. HP: 36/57 MP: 5/5
  1220 | D:4      | Reached skill level 5 in Axes
  1287 | D:4      | Found a radiant altar of Vehumet.
  1312 | D:4      | Noticed Eustachio
  1342 | D:4      | Killed Eustachio
  1342 | D:4      | Reached skill level 5 in Armour
  1342 | D:4      | Reached skill level 5 in Shields
  1342 | D:4      | Reached XP level 7. HP: 50/64 MP: 6/6
  1631 | D:5      | Entered Level 5 of the Dungeon
  1762 | D:5      | Reached skill level 6 in Axes
  1841 | D:5      | Noticed Blork the orc
  1852 | D:5      | Killed Blork the orc
  2058 | D:5      | Found a shadowy altar of Dithmenos.
  2118 | D:5      | Reached XP level 8. HP: 37/73 MP: 7/7
  2158 | D:5      | Identified the Catalogue of Entrancing Self-Knowledge
  2416 | D:6      | Reached skill level 7 in Axes
  2480 | D:6      | Found an opulent altar of Gozag.
  2482 | D:6      | Noticed an oklob plant
  2553 | D:6      | Reached skill level 5 in Fighting
  2588 | D:6      | Found a sacrificial altar of Ru.
  2744 | D:6      | Found a staircase to the Ecumenical Temple.
  2798 | D:6      | Found a runed translucent door.
  2799 | D:6      | Noticed Crazy Yiuf
  2962 | Temple   | Entered the Ecumenical Temple
  3007 | Temple   | Became a worshipper of Makhleb the Destroyer
  3182 | D:6      | Killed Crazy Yiuf
  3268 | D:7      | Reached skill level 1 in Invocations
  3296 | D:7      | Reached skill level 8 in Axes
  3303 | D:7      | HP: 2/74 [killer bee (2)]
  3323 | D:7      | Noticed Duvessa
  3324 | D:7      | Noticed Dowan
  3332 | D:7      | Killed Dowan
  3342 | D:7      | Killed Duvessa
  3367 | D:7      | Gained mutation: You passively map the area around you.
                  | [Deep Dwarf growth]
  3367 | D:7      | Reached XP level 9. HP: 46/81 MP: 6/6
  3800 | D:7      | Reached * piety under Makhleb
  3891 | D:7      | You fall into a shaft and drop 2 floors!
  4041 | D:9      | Reached skill level 9 in Axes
  4189 | D:9      | Reached ** piety under Makhleb
  4227 | D:9      | Found Feotacabb's Book Emporium.
  4230 | D:9      | Found a hazy altar of Hepliaklqana.
  4297 | D:9      | Noticed a cyclops
  4310 | D:9      | Killed a cyclops
  4408 | D:8      | Noticed a cyclops
  4414 | D:8      | Killed a cyclops
  4434 | D:8      | Noticed Erica
  4461 | D:8      | Killed Erica
  4461 | D:8      | Reached skill level 10 in Axes
  4461 | D:8      | Reached skill level 5 in Invocations
  4461 | D:8      | Reached XP level 10. HP: 42/92 MP: 7/7
  5567 | D:10     | Entered Level 10 of the Dungeon
  5721 | D:10     | Found Rilutt's Armour Boutique.
  5732 | D:10     | Bought a scarf of spirit shield for 117 gold pieces
  5745 | D:10     | Found a staircase to the Orcish Mines.
  6069 | D:10     | Identified a scroll of acquirement
  6162 | D:10     | Found a staircase to the Lair.
  6303 | D:10     | Reached *** piety under Makhleb
  6831 | D:11     | Reached skill level 11 in Axes
  6834 | D:11     | Noticed a manticore
  6848 | D:11     | Killed a manticore
  7038 | D:11     | Reached XP level 11. HP: 100/100 MP: 10/10
  7040 | D:11     | Noticed a two-headed ogre
  7051 | D:11     | Killed a two-headed ogre
  7122 | D:11     | Noticed a brown ugly thing
  7137 | D:11     | Killed a brown ugly thing
  7137 | D:11     | Reached **** piety under Makhleb
  7364 | D:11     | Noticed Psyche
  7368 | D:11     | Killed Psyche
  7491 | D:12     | Reached skill level 12 in Axes
  7576 | D:13     | Noticed a centaur warrior
  7595 | D:13     | Killed a centaur warrior
  7643 | D:13     | Found Lesiodeoth's Antique Weapon Shoppe.
  7916 | D:12     | Noticed a white ugly thing
  7923 | D:12     | Killed a white ugly thing
  8415 | D:12     | Found Mafix's Assorted Antiques.
  8423 | D:12     | Bought a scroll of blinking for 135 gold pieces
  8423 | D:12     | Bought a metallic inky potion for 16 gold pieces
  8428 | D:12     | Noticed a white ugly thing
  8443 | D:12     | Killed a white ugly thing
  8843 | D:13     | Reached XP level 12. HP: 114/114 MP: 9/9
  8849 | D:13     | Noticed an eight-headed hydra
  8895 | D:13     | Killed a 20-headed hydra
  9096 | D:13     | Reached skill level 13 in Axes
  9230 | D:13     | Reached skill level 10 in Armour
  9365 | D:13     | Reached skill level 10 in Shields
  9491 | D:14     | Noticed a rakshasa
  9612 | D:14     | HP: 1/116 [red devil/+0 trident (7)]
  9612 | D:14     | Mangled by a red devil

Levels and vault maps discovered:
D:1:      dpeg_arrival_lava_altar, layout_basic
D:2:      layout_basic, first_ration, uniq_natasha
D:3:      layout_loops_cross, grunt_temple_overflow_holy_war,
          eat_drink_and_be_merry_uskayaw, gammafunk_ghost_necromancy,
          trog_butcher_becter
D:4:      layout_cave_pools, kennysheep_mini_moat, uniq_eustachio
D:5:      layout_cave_pods, lemuel_coloured_pillars_altar, uniq_blork_the_orc
D:6:      layout_loops_cross, nicolae_ru_sacrificial_ziggurat,
          minmay_temple_entry_hall, lemuel_oklob_altar, uniq_crazy_yiuf_cottage
D:7:      layout_loops_corners, uniq_duvessa
D:8:      layout_basic, uniq_erica
D:9:      layout_cave_pools, lemuel_crystal_altar, serial_shops, shop
D:10:     layout_layer_cave, erik_lair_orcish_takeover, orc_0_dummy,
          serial_shops, shop
D:11:     layout_long_grid, uniq_psyche
D:12:     layout_stronghold, serial_shops, shop_fountains, blue_anna_alchemist
          [blue_anna_fruit_fields, blue_anna_fruit_fields]
D:13:     layout_basic, serial_shops, shop
D:14:     mludivico_vault, layout_basic, grunt_vaults_entry_tiered,
          serial_glass, glass_columns_a, glass_columns_c, gammafunk_ghost_grave,
          roderic_serpentine_path, einodemon_armed_red_devil_minivault
Temple:   eino_wide_crystal_templ

Skill      XL: |  1  2  3  4  5  6  7  8  9 10 11 12 |
---------------+-------------------------------------+-----
Fighting       | 3 4 5 6 7 9 |  9.9
Axes           | 3 4 5 6 8 10 11 12 13 | 13.2
Armour         | 4 5 6 7 8 9 10 | 10.1
Shields        | 4 5 6 7 8 9 10 | 10.1
Invocations    | 2 5 6 8 9 |  9.3

Action                   |  1- 3 |  4- 6 |  7- 9 | 10-12 || total
-------------------------+-------+-------+-------+-------++-------
Melee: War axe           |    88 |   149 |   425 |   471 ||  1133
Invok: Lesser Servant of |       |       |       |     6 ||     6
 Abil: Heal Wounds       |     1 |     8 |    16 |    23 ||    48
Evoke: Wand              |       |       |     1 |     5 ||     6
  Use: Scroll            |       |     9 |       |    15 ||    24
       Potion            |       |       |     3 |       ||     3
 Stab: Paralysed         |       |       |       |     7 ||     7
  Eat: Chunk             |       |     2 |    11 |    13 ||    26
       Ration            |       |       |       |     2 ||     2
Armor: Scale mail        |    66 |    84 |    82 |       ||   232
       Plate armour      |       |       |    87 |   286 ||   373
Dodge: Dodged            |    44 |    79 |   104 |   102 ||   329
Block: Kite shield       |    71 |   106 |   242 |   314 ||   733

Table legend:
 A = Non-vault XP
 B = Vault XP
 C = Vault XP percentage of total XP
 D = Non-vault monster count
 E = Vault monster count
 F = Vault count percentage of total count
                 A         B        C        D         E       F
            +---------+---------+-------+---------+---------+-------
      Total |   24975 |    2531 |   9.2 |     283 |      19 |   6.3
            +---------+---------+-------+---------+---------+-------
        D:1 |       8 |       0 |   0.0 |       4 |       0 |   0.0
        D:2 |      13 |       0 |   0.0 |       8 |       0 |   0.0
        D:3 |     218 |       7 |   3.1 |      36 |       4 |  10.0
        D:4 |     483 |     197 |  29.0 |      18 |       1 |   5.3
        D:5 |     452 |      91 |  16.8 |      24 |       1 |   4.0
        D:6 |     613 |      39 |   6.0 |      15 |       1 |   6.2
        D:7 |    1569 |     213 |  12.0 |      30 |       2 |   6.2
        D:8 |    1325 |     923 |  41.1 |      13 |       1 |   7.1
        D:9 |    1083 |       0 |   0.0 |      22 |       0 |   0.0
       D:10 |     978 |     530 |  35.1 |      19 |       7 |  26.9
       D:11 |    6101 |     439 |   6.7 |      48 |       1 |   2.0
       D:12 |    3055 |      92 |   2.9 |      11 |       1 |   8.3
       D:13 |    8849 |       0 |   0.0 |      34 |       0 |   0.0
       D:14 |     228 |       0 |   0.0 |       1 |       0 |   0.0
            +---------+---------+-------+---------+---------+-------
